 Dungeon Sprint DCSS version 0.30-a0-451-ge042605de7 (webtiles) character file.

Game seed: 4429756028906332580

72 rocky1 the Chopper (level 4, 0/49 HPs)
             Began as an Ogre Gladiator on Dec 12, 2022.
             Was an Initiate of Gozag.
             Succumbed to a scorpion's poison
             ... in the Dungeon (Sprint VII: "The Pits").
             The game lasted 00:00:44 (148 turns).

rocky1 the Chopper (Ogre Gladiator)                  Turns: 148, Time: 00:00:45

Health: 0/49       AC:  3    Str: 20    XL:     4   Next: 26%
Magic:  4/4        EV: 11    Int:  9    God:    Gozag
Gold:   288        SH:  0    Dex: 10    Spells: 3/3 levels left

rFire   . . .      SeeInvis .    a - +0 war axe
rCold   . . .      Faith    .    (no shield)
rNeg    . . .      Spirit   .    b - +0 robe
rPois   .          Reflect  .    c - +0 hat
rElec   .          Harm     .    (no cloak)
rCorr   .          Rampage  .    (gloves unavailable)
Will    .....      NoTele   +    (boots unavailable)
Stlth   +.........               (no amulet)
HPRegen 0.28/turn                (no ring)
MPRegen 0.09/turn                (no ring)

@: lethally poisoned (0 -> -5), gold aura, on berserk cooldown, slowed, very
slow
A: large, unfitting armour, tough skin 1
a: Renounce Religion, Potion Petition, Call Merchant, Bribe Branch


You were in the Dungeon.
You worshipped Gozag.
Gozag was aware of your devotion.
You visited 1 branch You collected 288 gold pieces.

Inventory:

Hand Weapons
 a - a +0 war axe (weapon)
Missiles
 d - 3 throwing nets (quivered)
 e - a large rock
Armour
 b - a +0 robe (worn)
 c - a +0 hat (worn)
Scrolls
 k - a scroll of blinking
 m - 5 scrolls of amnesia
 n - a scroll of butterflies
Potions
 f - a potion of curing
 g - a potion of heal wounds
 h - a potion of haste
 i - 4 potions of magic
 j - 2 potions of berserk rage
 l - 2 potions of invisibility


   Skills:
 + Level 4.4 Fighting
 + Level 6.1 Axes
 + Level 2.9 Throwing
 + Level 5.0 Dodging


You had 3 spell levels left.
You didn't know any spells.
Your spell library was empty.

Dungeon Overview and Level Annotations

Branches:
Dungeon (1/1)

Altars:
Ashenzari
Cheibriados
Dithmenos
Elyvilon
Fedhas
Gozag
Hepliaklqana
Kikubaaqudgha
Makhleb
Nemelex Xobeh
Okawaru
Qazlal
Ru
Sif Muna
Trog
Uskayaw
Vehumet
Wu Jian
Xom
Yredelemnul
Zin
The Shining One
Jiyva
Lugonu


Innate Abilities, Weirdness & Mutations

You are too large for most types of armour.
You have tough skin. (AC +1)


Message History

You kill the scorpion!
* * * LOW HITPOINT WARNING * * *
You feel very sick.
Your Fighting skill increases to level 4!
Your Axes skill gained 2 levels and is now at level 6!
Your Dodging skill gained 2 levels and is now at level 5!
You have reached level 3!
Your experience leads to an increase in your attributes!
Increase (S)trength, (I)ntelligence, or (D)exterity?
You feel stronger. x3
You have reached level 4!
You slash the flying skull!
The flying skull is moderately damaged.
You feel sick. The flying skull barely misses you.
You hit the flying skull but do no damage.
The flying skull is moderately damaged.
You feel sick. The flying skull hits you.
* * * LOW HITPOINT WARNING * * *
The flying skull barely misses you.
You closely miss the flying skull.
The flying skull is moderately damaged.
* * * LOW HITPOINT WARNING * * *
You feel sick. The flying skull hits you.
* * * LOW HITPOINT WARNING * * *
You hit the flying skull.
The flying skull is severely damaged.
* * * LOW HITPOINT WARNING * * *
You feel sick. The flying skull closely misses you.
You closely miss the flying skull.
The flying skull is severely damaged.
* * * LOW HITPOINT WARNING * * *
You feel sick. The flying skull hits you.
* * * LOW HITPOINT WARNING * * *
You miss the flying skull.
The flying skull is severely damaged.
You are no longer berserk.
You are exhausted.
You feel yourself slow down.
You die...
Your body crumbles into a pile of gold.

############
#_________.#
#_________.#
#_______...###########
##########'##.........
#.?(.')))'.##......#..
##########.##.........
#....@zg....'.........
#+#####'#####......#..
#..#..#..##.........
#..s..'..#####'#####
##'####+###.......#
#... #.......# #.sg.
#.......# #####+
#...<...# #.......#


You could see a flying skull and a hobgoblin.

Vanquished Creatures
  A scorpion (D)
  An ufetubus (D)
  A bat (D)
  A bat zombie (D)
  A giant cockroach (D)
  A hobgoblin (D)
  A ball python (D)
7 creatures vanquished.

Notes
Turn   | Place    | Note
-------+----------+-------------------------------------------
     0 | D        | rocky1 the Ogre Gladiator began the quest for the Orb.
     0 | D        | Reached XP level 1. HP: 22/22 MP: 1/1
    19 | D        | Found a bloodstained altar of Trog.
    19 | D        | Found a shimmering blue altar of Sif Muna.
    19 | D        | Found a viscous altar of Jiyva.
    19 | D        | Found a hazy altar of Hepliaklqana.
    19 | D        | Found an opulent altar of Gozag.
    20 | D        | Found a glowing golden altar of the Shining One.
    20 | D        | Found a glowing silver altar of Zin.
    20 | D        | Found a basalt altar of Yredelemnul.
    20 | D        | Found a shimmering altar of Xom.
    20 | D        | Found an ornate altar of the Wu Jian Council.
    20 | D        | Found a sacrificial altar of Ru.
    20 | D        | Found a stormy altar of Qazlal.
    20 | D        | Found an iron altar of Okawaru.
    20 | D        | Found a sparkling altar of Nemelex Xobeh.
    20 | D        | Found a burning altar of Makhleb.
    20 | D        | Found a blossoming altar of Fedhas.
    20 | D        | Found a white marble altar of Elyvilon.
    20 | D        | Found a shadowy altar of Dithmenos.
    20 | D        | Found a snail-covered altar of Cheibriados.
    23 | D        | Found a corrupted altar of Lugonu.
    23 | D        | Found a radiant altar of Vehumet.
    24 | D        | Found an ancient bone altar of Kikubaaqudgha.
    24 | D        | Found a hide-covered altar of Uskayaw.
    24 | D        | Found a broken altar of Ashenzari.
    27 | D        | Became a worshipper of Gozag Ym Sagoz the Greedy
    64 | D        | Reached XP level 2. HP: 25/31 MP: 2/2
    92 | D        | Reached skill level 4 in Axes
   124 | D        | Noticed a flying skull
   125 | D        | Noticed a scorpion
   142 | D        | Killed a scorpion
   143 | D        | Reached skill level 6 in Axes
   143 | D        | Reached skill level 5 in Dodging
   143 | D        | Reached XP level 3. HP: 13/40 MP: 3/3
   143 | D        | Reached XP level 4. HP: 16/49 MP: 4/4
   146 | D        | HP: 3/73 [poisoned by a scorpion]
   147 | D        | HP: 1/73 [flying skull (1)]
   148 | D        | Succumbed to a scorpion's poison

Illustrated notes

Levels and vault maps discovered:
D:        pitsprint [storerooms_1, entrance_room_1, metal_vault_1, armoury_1,
          mini_pit_1, grid_room_1, main_hall_1, silver_pit, the_coven_3,
          the_vestibule_1, steel_vault_2, golden_pit, hallway_of_sentries,
          crystal_vault_4, iron_vault_4, final_vault]

Skill      XL: |  1  2 |
---------------+-------+-----
Dodging        | 3 5 |  5.0
Fighting       | 3 4 |  4.4
Axes           | 6 |  6.1
Throwing       | |  2.9

Action                   |  1- 3 |  4- 6 || total
-------------------------+-------+-------++-------
Melee: War axe           |    30 |     6 ||    36
  Use: Potion            |     1 |       ||     1
Armor: Robe              |     9 |       ||     9
Dodge: Dodged            |    21 |     3 ||    24

Table legend: (Time is in decaauts)
 A = Elapsed time spent in this place.
 B = Non-inter-level travel time spent in this place.
 C = Inter-level travel time spent in this place.
 D = Time resting spent in this place.
 E = Time spent auto-exploring this place.
 F = Levels seen in this place.
 G = Mean time per level.
                   A        B        C        D        E       F      G
               +--------+--------+--------+--------+--------+-----+--------+
         Total |    152 |    152 |      0 |     22 |      0 |   1 |  152.0 |
       Dungeon |    152 |    152 |      0 |     22 |      0 |   1 |  152.0 |
               +--------+--------+--------+--------+--------+-----+--------+

Top non-repeatable levels by time:
       D: 152 daAuts
